 Dungeon Crawl Stone Soup version 0.23.2 (webtiles) character file.

Game seed: 11861204370875849574

183 teukkam the Skirmisher (level 5, -3/70 HPs)
             Began as a Minotaur Fighter on Apr 10, 2019.
             Was a Follower of Zin.
             Slain by a gnoll
             ... wielding a +0 halberd of freezing
              (5 damage)
             ... on level 3 of the Dungeon on Apr 11, 2019.
             The game lasted 00:05:47 (1523 turns).

teukkam the Skirmisher (Minotaur Fighter)           Turns: 1523, Time: 00:05:48

Health: -3/70      AC:  7    Str: 26    XL:     5   Next: 35%
Magic:  4/4        EV:  8    Int:  8    God:    Zin [*.....]
Gold:   75         SH: 10    Dex: 10    Spells: 4/4 levels left

rFire    . . .     SeeInvis .   a - +0 war axe
rCold    . . .     Gourm    .   c - +0 shield
rNeg     . . .     Faith    .   b - +0 scale mail
rPois    .         Spirit   .   (helmet restricted)
rElec    .         Reflect  .   (no cloak)
rCorr    .         Harm     .   (no gloves)
MR       .....                  (no boots)
Stlth    ..........             (no amulet)
HPRegen  0.21/turn              k - +3 ring of intelligence
MPRegen  0.09/turn              q - -2 ring of slaying (curse)

@: berserking, very quick
A: retaliatory headbutt, horns 2
a: Recite, Donate Gold, Renounce Religion


You were on level 3 of the Dungeon.
You worshipped Zin.
Zin was aware of your devotion.
You were not hungry.

You visited 1 branch of the dungeon, and saw 4 of its levels.

You collected 83 gold pieces.
You donated 8 gold pieces to Zin.

Inventory:

Hand Weapons
 a - a +0 war axe (weapon)
 e - a +0 antimagic short sword
Missiles
 h - 5 stones (quivered)
 w - 8 tomahawks
Armour
 b - a +0 scale mail (worn)
 c - a +0 shield (worn)
 g - a scarf of cloud immunity
Jewellery
 k - a +3 ring of intelligence (left hand)
 q - a cursed -2 ring of slaying (right hand)
Scrolls
 j - a scroll of amnesia {unknown}
 l - 2 scrolls of remove curse {unknown}
 n - a scroll of identify {unknown}
 o - a scroll of random uselessness {unknown}
 r - a scroll of noise {unknown}
 s - 2 scrolls of teleportation {unknown}
 u - a scroll of fear {unknown}
Potions
 d - a potion of might
 m - a potion of curing {unknown}
 p - a potion of degeneration {unknown}
 v - a potion of magic {unknown}
Comestibles
 f - 5 rations


   Skills:
 + Level 4.8 Fighting
 + Level 4.0 Axes
 + Level 4.8 Armour
 + Level 4.8 Shields


You had 4 spell levels left.
You didn't know any spells.
Your spell library was empty.

Dungeon Overview and Level Annotations

Branches:
Dungeon (4/15)
 Temple: D:4-7

Altars:
Ru
Zin

Shops:
D:4 *


Innate Abilities, Weirdness & Mutations

You reflexively headbutt those who attack you in melee.
You have a pair of horns on your head.


Message History

You headbutt the gnoll! You completely miss the gnoll.
Your headbutt misses the gnoll.
The gnoll is almost dead.
You block the gnoll's attack.
The gnoll hits you from afar with a +0 halberd of freezing!
* * * LOW HITPOINT WARNING * * *
The gnoll freezes you.
* * * LOW HITPOINT WARNING * * *
It was a potion of berserk rage.
A red film seems to cover your vision as you go berserk!
You feel yourself moving faster!
You feel mighty! The gnoll closely misses you.
The gnoll hits you from afar with a +0 halberd of freezing!
* * * LOW HITPOINT WARNING * * *
The gnoll freezes you.
* * * LOW HITPOINT WARNING * * *
You closely miss the gnoll. You headbutt the gnoll.
You kill the gnoll!
Your Axes skill increases to level 4!
The gnoll hits you from afar with a +0 halberd of freezing.
You die...

.....#....§≈.≈≈....##.#########
####.#...§..≈......##..........
.....#...§.........#...#....###
####.#.............#.........#
#.#.............#)).......#
#.###############))[..##### #.#
#....................# #.#
#.#.......>..###.###.# #.#
#.#...g)@.#........# #.#
#...........####.#.# #.#
#.####.#.......#.#.# #.# #.
#.#.##.##.#.#.# #.##.#g
#.#.##.#......# #.##.#.
#.#.##.#..#.### #.##.#.
#.#.##.#..#.# ###.##.#.
#.#.##.#..#.# #....#.#.
#.#.##.#..#.#


You could see a gnoll.

Vanquished Creatures
  An orc priest (D:3)
  A centaur skeleton (D:4)
  A worker ant (D:4)
  2 gnolls (D:3)
  4 adders
  A dart slug (D:1)
  5 leopard geckos
  4 orcs (D:3)
  2 bats (D:3)
  3 giant cockroaches
  6 goblins
  3 hobgoblins (D:1)
  2 jackals (D:2)
  4 kobolds
  4 rats (D:1)
43 creatures vanquished.

Notes
Turn   | Place    | Note
-------+----------+-------------------------------------------
     0 | D:1      | teukkam the Minotaur Fighter began the quest for the Orb.
     0 | D:1      | Reached XP level 1. HP: 19/19 MP: 0/0
   113 | D:1      | Reached XP level 2. HP: 24/27 MP: 1/1
   422 | D:2      | Found a sacrificial altar of Ru.
   475 | D:2      | Reached XP level 3. HP: 33/33 MP: 2/2
   863 | D:4      | Reached XP level 4. HP: 41/41 MP: 3/3
   869 | D:4      | Found Zin's Purification Station.
   874 | D:4      | Found a glowing silver altar of Zin.
   893 | D:4      | Became a worshipper of Zin the Law-Giver
  1135 | D:3      | Reached * piety under Zin
  1170 | D:3      | Reached XP level 5. HP: 5/47 MP: 4/4
  1170 | D:3      | HP: 1/47 [orc/+0 hand axe (4)]
  1522 | D:3      | HP: 1/70 [gnoll/+0 halberd of freezing (4)]
  1523 | D:3      | Slain by a gnoll

Skill      XL: |  1  2  3  4  5 |
---------------+----------------+-----
Shields        | 4 |  4.8
Fighting       | 4 |  4.8
Armour         | 4 |  4.8
Axes           | 3 4 |  4.0

Action                   |  1- 3 |  4- 6 || total
-------------------------+-------+-------++-------
Melee: War axe           |    70 |    48 ||   118
       Headbutt          |    15 |    12 ||    27
  Use: Potion            |       |     2 ||     2
  Eat: Chunk             |       |     2 ||     2
Armor: Scale mail        |    45 |    26 ||    71
Dodge: Dodged            |    26 |    22 ||    48
Block: Shield            |    43 |    42 ||    85
